 Dungeon Crawl Stone Soup version 0.29.1-15-g9cfb28693d (webtiles) character file.

Game seed: 15809489691651164124

5969 Ihaveafatcat the Protected (level 10, 0/93 HPs)
             Began as a Minotaur Fighter on Apr 4, 2023.
             Was an Initiate of Gozag.
             Slain by a killer bee (3 damage)
             ... on level 9 of the Dungeon.
             The game lasted 00:24:25 (12809 turns).

Ihaveafatcat the Protected (Minotaur Fighter)      Turns: 12809, Time: 00:24:27

Health: 0/93       AC: 13    Str: 32    XL:     10   Next: 55%
Magic:  9/9        EV:  8    Int:  5    God:    Gozag
Gold:   634        SH: 15    Dex:  9    Spells: 9/9 levels left

rFire   . . .      SeeInvis .   a - +2 war axe
rCold   + . .      Faith    .   p - +0 kite shield
rNeg    . . .      Spirit   .   t - +0 chain mail
rPois   .          Reflect  +   v - +0 hat
rElec   .          Harm     .   (no cloak)
rCorr   .          Rampage  .   A - +0 pair of gloves
Will    .....                   (no boots)
Stlth   ..........              j - amulet of reflection
HPRegen 0.25/turn               e - +6 ring of strength
MPRegen 0.11/turn               y - ring of protection from cold

@: no status effects
A: horns 2, retaliatory headbutt
a: Renounce Religion, Potion Petition, Call Merchant, Bribe Branch


You were on level 9 of the Dungeon.
You worshipped Gozag.
Gozag was pleased with you.
You visited 1 branch of the dungeon, and saw 9 of its levels.

You collected 688 gold pieces.
You paid 54 gold pieces to Gozag.

Inventory:

Hand Weapons
 a - a +2 war axe (weapon)
 u - a +1 scimitar of flaming
Missiles
 w - a throwing net (quivered)
Armour
 p - a +0 kite shield (worn)
 t - a +0 chain mail (worn)
 v - a +0 hat (worn)
 A - a +0 pair of gloves (worn)
Jewellery
 e - a +6 ring of strength (left hand)
 j - an amulet of reflection (around neck)
 y - a ring of protection from cold (right hand)
Wands
 n - a wand of light (5)
 s - a wand of polymorph (2)
Scrolls
 b - 2 scrolls of identify
 f - a scroll of enchant armour {unknown}
 i - 3 scrolls of magic mapping
 k - a scroll of amnesia
 l - a scroll of butterflies {unknown}
Potions
 d - 2 potions of might
 h - a potion of mutation
 o - 4 potions of brilliance
 r - a potion of flight
 z - a potion of attraction


   Skills:
 + Level 10.2 Fighting
 * Level 10.0 Axes
 + Level 10.2 Armour
 + Level 10.2 Shields


You had 9 spell levels left.
You didn't know any spells.
Your spell library contained the following spells:

 Spells                   Type           Power      Damage    Failure   Level
 Magic Dart               Conj           0%         1d3       99%         1
 Call Imp                 Summ           0%         N/A       100%        2
 Dazzling Flash           Conj/Hex       0%         N/A       100%        3
 Ignite Poison            Fire/Tmut/Pois 0%         N/A       100%        3
 Mephitic Cloud           Conj/Pois/Air  0%         N/A       100%        3
 Iskenderun's Mystic Bla  Conj/Tloc      0%         2d3       100%        4
 Freezing Cloud           Conj/Ice/Air   0%         6-21      100%        5
 Starburst                Conj/Fire      0%         6d3       100%        6


Dungeon Overview and Level Annotations

Branches:
Dungeon (9/15)             Temple (0/1) D:4
   Lair: D:8-11         Orc: D:9-12

Altars:
Gozag
Kikubaaqudgha
Makhleb
Nemelex Xobeh
Zin

Shops:
D:5 =

Annotations:
D:7 1 runed translucent door, Crazy Yiuf, Psyche
D:9 Grum


Innate Abilities, Weirdness & Mutations

You have a pair of horns on your head.
You reflexively headbutt those who attack you in melee.


Message History

The killer bee is distracted by your dazzling golden aura.
Items here: $ ( )).
You block the killer bee's attack. x2
You barely miss the killer bee. You headbutt the killer bee!
The killer bee is severely wounded.
Your extra speed is starting to run out.
The killer bee is no longer distracted by gold.
You block the killer bee's attack.
The killer bee is distracted by your dazzling golden aura.
You miss the killer bee. Your headbutt misses the killer bee.
The killer bee is severely wounded.
The killer bee is distracted by your dazzling golden aura.
You hit the killer bee.
The killer bee is no longer distracted by gold.
Your headbutt misses the killer bee.
The killer bee is almost dead.
The killer bee is distracted by your dazzling golden aura.
You slash the killer bee!
You kill the killer bee!
Your hearing returns.
The killer bee is no longer distracted by gold.
The killer bee is distracted by your dazzling golden aura.
You miss the killer bee.
The killer bee is no longer distracted by gold.
The killer bee buzzes angrily.
The killer bee is almost dead.
You block the killer bee's attack. The killer bee barely misses you.
You miss the killer bee.
The killer bee is almost dead.
You hit the wyvern but do no damage.
You feel yourself slow down. You block the killer bee's attack.
You block the wyvern's attack.
You barely miss the killer bee. Your headbutt misses the killer bee.
The killer bee is almost dead.
You barely miss the wyvern. You block the killer bee's attack.
The wyvern bites you.
* * * LOW HITPOINT WARNING * * *
The killer bee stings you.
You die...
Your body crumbles into a pile of gold.

###############
#....$$.......#
#....$$$......#
#....$$$$@....#
################yl...#
.....................#
##..$................#
............y....#####
.................#
.......y.........#
#......$........#
#..............#


You could see a wyvern and a killer bee.

Vanquished Creatures
  Gastronok (D:8)
  Erica (D:8)
  Amaemon (D:8)
  Joseph (D:8)
  An orange demon (D:8)
  2 wyverns (D:8)
  3 vampire mosquitoes (D:8)
  A water moccasin (D:6)
  2 black bears
  2 ogres
  A sky beast (D:7)
  3 wolves (D:9)
  A phantom (D:6)
  A kobold brigand (D:9)
  2 bullfrogs
  A scorpion (D:6)
  A water moccasin zombie (D:4)
  2 water moccasin skeletons (D:4)
  8 killer bees
  The ghost of domi the Digger, a weakling MeEE (D:3)
  An electric eel (D:7)
  A bullfrog zombie (D:4)
  3 hounds
  4 jellies
  3 orc priests
  2 iguanas
  3 orc wizards
  4 hound zombies (D:4)
  8 adders
  6 gnolls
  A shadow imp (D:6)
  3 white imps
  An ufetubus (D:6)
  2 adder zombies (D:4)
  2 adder skeletons (D:4)
  3 worms
  3 dart slugs
  25 orcs
  7 ball pythons
  7 endoplasms
  7 giant cockroaches
  10 goblins
  4 hobgoblins
  3 jackals (D:2)
  3 quokkas
  5 bats
  2 frilled lizards (D:1)
  10 kobolds
  A quokka skeleton (D:4)
  A quokka zombie (D:4)
  8 rats
179 creatures vanquished.

Vanquished Creatures (others)
  10 plants (D:7)
10 creatures vanquished.

Grand Total: 189 creatures vanquished

Notes
Turn   | Place    | Note
-------+----------+-------------------------------------------
     0 | D:1      | Ihaveafatcat the Minotaur Fighter began the quest for the
                  | Orb.
     0 | D:1      | Reached XP level 1. HP: 19/19 MP: 0/0
   319 | D:1      | Reached XP level 2. HP: 20/27 MP: 1/1
   847 | D:1      | Reached XP level 3. HP: 32/33 MP: 2/2
  2320 | D:2      | Reached XP level 4. HP: 41/41 MP: 3/3
  2346 | D:2      | Found a faded altar of an unknown god.
  2784 | D:3      | Found a sparkling altar of Nemelex Xobeh.
  3562 | D:3      | Found a large runed translucent door.
  3562 | D:3      | Found a large runed translucent door.
  3565 | D:3      | Noticed domi's ghost (weakling MeEE)
  3764 | D:3      | Killed domi's ghost
  3765 | D:3      | Reached XP level 5. HP: 45/47 MP: 4/4
  3822 | D:4      | Reached skill level 5 in Armour
  3952 | D:4      | Reached skill level 5 in Fighting
  3952 | D:4      | Reached skill level 5 in Shields
  4106 | D:4      | Found a staircase to the Ecumenical Temple.
  4144 | D:4      | Reached XP level 6. HP: 49/56 MP: 5/5
  4681 | D:4      | Found a glowing silver altar of Zin.
  4894 | D:5      | Entered Level 5 of the Dungeon
  5070 | D:5      | Reached skill level 5 in Axes
  5070 | D:5      | Reached XP level 7. HP: 25/62 MP: 6/6
  5339 | D:5      | HP: 2/62 [gnoll/+0 halberd (10)]
  5865 | D:5      | Found an opulent altar of Gozag.
  5872 | D:5      | Found an ancient bone altar of Kikubaaqudgha.
  5995 | D:5      | Became a worshipper of Gozag Ym Sagoz the Greedy
  6069 | D:5      | Found Dips's Jewellery Boutique.
  6247 | D:6      | Reached XP level 8. HP: 37/71 MP: 7/7
  6711 | D:6      | Found a burning altar of Makhleb.
  8869 | D:7      | Found a runed translucent door.
  8870 | D:7      | Noticed Crazy Yiuf
 10000 | D:8      | Noticed Amaemon
 10000 | D:8      | Noticed an orange demon
 10036 | D:8      | Killed Amaemon
 10037 | D:8      | Reached XP level 9. HP: 25/81 MP: 8/8
 10038 | D:8      | Killed an orange demon
 10799 | D:8      | Noticed Joseph
 10924 | D:8      | Killed Joseph
 10941 | D:8      | Noticed Psyche
 11710 | D:8      | Noticed Gastronok
 11725 | D:8      | Killed Gastronok
 11726 | D:8      | Reached XP level 10. HP: 27/91 MP: 9/9
 12388 | D:8      | Noticed Erica
 12399 | D:8      | Killed Erica
 12400 | D:8      | Reached skill level 10 in Fighting
 12400 | D:8      | Reached skill level 10 in Armour
 12400 | D:8      | Reached skill level 10 in Shields
 12742 | D:9      | Noticed Grum
 12756 | D:9      | HP: 3/93 [killer bee (4)]
 12772 | D:9      | HP: 3/93 [killer bee (4)]
 12797 | D:9      | HP: 2/93 [kobold brigand/+0 dagger (5)]
 12799 | D:9      | Reached skill level 10 in Axes
 12809 | D:9      | HP: 3/93 [wyvern (1)]
 12809 | D:9      | Slain by a killer bee

Illustrated notes

Levels and vault maps discovered:
D:1:      lemuel_arrival_tunnels, layout_basic, minmay_split_cup_small
D:2:      layout_loops_corners, shapermc_ecumenical_altar_pompeii, serial_glass,
          glass_columns_b, glass_columns_a, glass_columns_b, glass_columns_a,
          due_unseen_surprise, item_on_display_a, feat_on_display,
          minmay_liquid_box, chequers_mini_garden, serial_bayou_pond_e
D:3:      layout_loops_corners, nemelex_spade_bored_becter,
          ebering_ghost_disaster_area, corexii_hall_statues_t
D:4:      layout_cave_pools, zin_academy, minmay_temple_entry_mini_moons,
          serial_undead, serial_undead_a, serial_undead_f, serial_undead_d,
          serial_undead_e, serial_undead_a, serial_undead_b
D:5:      layout_basic, mainiacjoe_overflow_big_doors, serial_shops, shop,
          minivault_14
D:6:      layout_basic, mainiacjoe_overflow_alcove_1, st_stairs_12
D:7:      layout_basic, hangedman_decor_diamond_cutter, serial_bayou_ford_a,
          feat_on_display, uniq_crazy_yiuf_cottage
D:8:      layout_loops_ring, mrwooster_statue_mirror, uniq_joseph, uniq_psyche,
          uniq_amaemon, uniq_gastronok, uniq_erica
D:9:      layout_basic, uniq_grum

Skill      XL: |  1  2  3  4  5  6  7  8  9 10 |
---------------+-------------------------------+-----
Fighting       | 4 5 6 8 9 10 | 10.2
Armour         | 4 5 6 8 9 10 | 10.2
Shields        | 4 5 6 8 9 10 | 10.2
Axes           | 3 4 5 7 9 10 | 10.0

Action                   |  1- 3 |  4- 6 |  7- 9 | 10-12 || total
-------------------------+-------+-------+-------+-------++-------
Melee: War axe           |   111 |   132 |   186 |    67 ||   496
       Headbutt          |    14 |    24 |    38 |    12 ||    88
Evoke: Wand              |       |       |     5 |       ||     5
  Use: Scroll            |       |     7 |    14 |     3 ||    24
       Potion            |       |       |    11 |     6 ||    17
 Stab: Invisible         |       |       |     2 |       ||     2
       Distracted        |       |       |     1 |     1 ||     2
Armor: Scale mail        |    58 |   111 |    10 |       ||   179
       Chain mail        |       |       |    85 |    36 ||   121
Dodge: Dodged            |    50 |    59 |    56 |    46 ||   211
Block: Buckler           |    26 |       |       |       ||    26
       Kite shield       |       |    72 |   161 |   104 ||   337
       Reflection        |       |       |     4 |     1 ||     5
